 Dungeon Crawl Stone Soup version 0.29-a0-334-gb41bcbb86e (webtiles) character file.

Game seed: 16581161390069791683

78 spaghetti the Chopper (level 4, 0/32 HPs)
             Began as a Gnoll Wanderer on Apr 13, 2022.
             Slain by an orc wizard
             ... wielding a +0 dagger
              (2 damage)
             ... on level 2 of the Dungeon.
             The game lasted 00:01:33 (1793 turns).

spaghetti the Chopper (Gnoll Wanderer)              Turns: 1793, Time: 00:01:34

Health: 0/32       AC:  5    Str: 11      XL:     4   Next: 36%
Magic:  8/8        EV: 12    Int:  9      God:
Gold:   42         SH:  0    Dex: 14 (16) Spells: 9/9 levels left

rFire   . . .      SeeInvis .   k - +2 rapier (elec) {short}
rCold   . . .      Faith    .   (no shield)
rNeg    . . .      Spirit   .   e - +0 leather armour
rPois   .          Reflect  .   c - +1 helmet
rElec   .          Harm     .   (no cloak)
rCorr   .          Rampage  .   (no gloves)
Will    .....                   (no boots)
Stlth   ++........              (no amulet)
HPRegen 0.10/turn               (no ring)
MPRegen 0.11/turn               (no ring)

@: no status effects
A: fangs 1, strong nose, distributed training
a: no special abilities


You were on level 2 of the Dungeon.
You visited 1 branch of the dungeon, and saw 2 of its levels.

You collected 42 gold pieces.


Innate Abilities, Weirdness & Mutations

You have very sharp teeth.
Your uncanny sense of smell can sniff out nearby items.
Your experience applies equally to all skills.


   Skills:
 + Level 1.1 Fighting
 + Level 2.7 Short Blades
 + Level 1.1 Long Blades
 + Level 6.6 Axes
 + Level 1.1 Maces & Flails
 + Level 1.1 Polearms
 + Level 1.1 Staves
 + Level 1.1 Slings
 + Level 1.1 Bows
 + Level 1.1 Crossbows
 + Level 1.1 Throwing
 + Level 2.7 Armour
 + Level 2.7 Dodging
 + Level 4.2 Stealth
 + Level 1.1 Shields
 + Level 1.1 Unarmed Combat
 + Level 3.0 Spellcasting
 + Level 0.8 Conjurations
 + Level 0.8 Hexes
 + Level 0.8 Summonings
 + Level 0.8 Necromancy
 + Level 0.8 Translocations
 + Level 0.8 Transmutations
 + Level 0.8 Fire Magic
 + Level 0.8 Ice Magic
 + Level 0.8 Air Magic
 + Level 0.8 Earth Magic
 + Level 0.8 Poison Magic
 + Level 2.8 Invocations
 + Level 1.1 Evocations


You had 9 spell levels left.
You didn't know any spells.
Your spell library contained the following spells:

 Spells                   Type           Power      Damage    Failure   Level
 Conjure Flame            Conj/Fire      2%         6-21      63%         3
 Ignite Poison            Fire/Tmut/Pois 2%         N/A       63%         3
 Sticky Flame             Conj/Fire      2%         2d3       95%         4

Inventory:

Hand Weapons
 a - a +0 war axe {axe}
 b - a +0 short sword {short}
 k - a +2 rapier of electrocution (weapon) {short}
   (You found it on level 2 of the Dungeon)
Missiles
 j - 51 stones (quivered) {throwing}
Armour
 c - a +1 helmet (worn)
 e - a +0 leather armour (worn)
Scrolls
 f - 2 scrolls of identify {@r1}
Potions
 d - a potion of attraction {!q}
 h - a potion of degeneration {!q@e2}

Dungeon Overview and Level Annotations

Branches:
Dungeon (2/15)

Altars:

#.# #.# #####.###
##.......# #+##
#........# #...#
#..###...# #..... ####
#..##....# #......
...#####........##.......
..........).....@)K......
##.#####........##.......
...# #.#.#.#.## #......
#..# #.......# #...$.
...# ##....### #...# #.##
##.#.# ##.# #.# ###.# #
#.# .# #.#


You could see a kobold.


Message History

You are too injured to fight recklessly!
You are too injured to fight recklessly!
You are too injured to fight recklessly!
You are too injured to fight recklessly!
You are too injured to fight recklessly!
You hit the goblin.
You kill the goblin!
You see here a +0 club {mace}.
Key pressed, stopping explore.
As you open the door, it creaks loudly!
A kobold, an orc priest, an orc wizard and 2 orcs come into view.
The orc wizard shouts!
The orc shouts!
The orc priest shouts! 😎 HP[+4]
Your hp is fully restored (25).
There are monsters nearby!
There are monsters nearby!
The orc wizard mumbles some strange words.
The orc wizard flickers and vanishes!
Deactivating autopickup; reactivate with Ctrl-A.
The orc misses you.
There is an open door here.
The orc shouts!
You hit the orc priest.
The orc priest hits you with a +0 dagger.
The orc completely misses you.
The orc priest hits you with a +0 dagger.
The orc misses you. 😕 HP[-6]
You take 6 damage, and now have 19/25 hp.
MASSIVE DAMAGE!! (PAUSE)
You barely miss the orc priest.
The orc priest hits you with a +0 dagger.
The kobold hits you but does no damage. The orc barely misses you. 😮 HP[-3]
You take 3 damage, and now have 16/25 hp.
You hit the orc priest.
Lightning courses through the orc priest!
You kill the orc priest!
The orc hits you with a +0 hand axe. The kobold hits you with a +0 dagger.
* * * LOW HITPOINT WARNING * * *
You feel your intelligence returning.
Your Fighting skill increases to level 1!
Your Long Blades skill increases to level 1!
Your Maces & Flails skill increases to level 1!
Your Polearms skill increases to level 1!
Your Staves skill increases to level 1!
Your Slings skill increases to level 1!
Your Bows skill increases to level 1!
Your Crossbows skill increases to level 1!
Your Throwing skill increases to level 1!
Your Shields skill increases to level 1!
Your Unarmed Combat skill increases to level 1!
Your Spellcasting skill increases to level 3!
Your Evocations skill increases to level 1!
You have reached level 4!
You feel clever. 😨 MP[+1]
You now have 32 max hp (+7).
Your mp is fully restored (8).
Something hits you.
* * * LOW HITPOINT WARNING * * *
The orc attacks as you move away! The orc barely misses you.
You hear some strange, mumbled words.
A puff of flame appears from out of thin air!
The puff of flame hits you!
* * * LOW HITPOINT WARNING * * *
😱 HP[-10]
You take 10 damage, and now have 6/32 hp.
MASSIVE DAMAGE!! (PAUSE)
Okay, then.
As you read the scroll labelled XEESOF XIUL, it crumbles to dust.
It is a scroll of enchant armour.
Your +0 helmet glows green for a moment.
The orc closely misses you.
As you read the scroll labelled IDUPLAEKLU, it crumbles to dust.
You hear a loud clanging noise!
It was a scroll of noise.
You hear an angry hiss.
You hear a shout!
The orc misses you.
As you read the scroll labelled MAENLI TOTSE, it crumbles to dust.
It is a scroll of identify.
You don't have any unidentified items.
The orc hits you with a +0 hand axe.
* * * LOW HITPOINT WARNING * * *
😱 HP[-2]
You take 2 damage, and now have 4/32 hp.
You closely miss the orc. The orc barely misses you.
You closely miss the orc. The orc hits you but does no damage.
You hit the orc. The orc hits you but does no damage.
Okay, then.
You hit the orc.
You kill the orc!
You hit the orc but do no damage. Lightning courses through the orc!
You kill the orc!
You closely miss something. Something hits you.
* * * LOW HITPOINT WARNING * * *
The kobold throws a stone.
The stone hits you but does no damage. 😱 HP[-2]
You take 2 damage, and now have 2/32 hp.
You hit something. Something hits you but does no damage.
You puncture something! Your bite misses something. Something hits you.
You die...

Skill      XL: |  1  2  3 |
---------------+----------+-----
Fighting       | 1 |  1.1
Long Blades    | 1 |  1.1
Maces & Flails | 1 |  1.1
Polearms       | 1 |  1.1
Staves         | 1 |  1.1
Slings         | 1 |  1.1
Bows           | 1 |  1.1
Crossbows      | 1 |  1.1
Throwing       | 1 |  1.1
Shields        | 1 |  1.1
Unarmed Combat | 1 |  1.1
Spellcasting   | 3 |  3.0
Evocations     | 1 |  1.1
Short Blades   | |  2.7
Axes           | |  6.6
Armour         | |  2.7
Dodging        | |  2.7
Stealth        | |  4.2
Conjurations   | |  0.8
Hexes          | |  0.8
Summonings     | |  0.8
Necromancy     | |  0.8
Translocations | |  0.8
Transmutations | |  0.8
Fire Magic     | |  0.8
Ice Magic      | |  0.8
Air Magic      | |  0.8
Earth Magic    | |  0.8
Poison Magic   | |  0.8
Invocations    | |  2.8

Action                   |  1- 3 |  4- 6 || total
-------------------------+-------+-------++-------
Melee: War axe           |    56 |       ||    56
       Bite              |     5 |       ||     5
       Rapier            |    12 |     8 ||    20
  Use: Potion            |     1 |       ||     1
       Scroll            |       |     3 ||     3
 Stab: Sleeping          |     8 |       ||     8
Armor: Leather armour    |    19 |     4 ||    23
Dodge: Dodged            |    57 |     4 ||    61

Levels and vault maps discovered:
D:1:      shiori_shiawase, layout_loops_ring, serial_rivers,
          chequers_serial_rivers_micro_b, chequers_serial_rivers_room_a,
          chequers_serial_rivers_room_b, chequers_serial_rivers_micro_a,
          chequers_serial_rivers_micro_c, chequers_serial_rivers_small_3
D:2:      minmay_evil_eye, layout_loops_corners, uniq_crazy_yiuf_cottage

Notes
Turn   | Place    | Note
-------+----------+-------------------------------------------
     0 | D:1      | spaghetti the Gnoll Wanderer began the quest for the Orb.
     0 | D:1      | spaghetti set off with the following items: a +0 war axe
                  | {axe}, a +0 short sword {short}, a +0 helmet, a potion of
                  | attraction {!q}, a +0 leather armour
     0 | D:1      | Reached XP level 1. HP: 13/13 MP: 4/4
     0 | D:1      | magus.rc [v1.9.6]
   188 | D:1      | You add the spells Conjure Flame, Ignite Poison and Sticky
                  | Flame to your library.
   500 | D:1      | Reached XP level 2. HP: 14/19 MP: 5/5
  1168 | D:2      | HP: 5/20 [poisoned by an adder]
  1170 | D:2      | Reached XP level 3. HP: 5/25 MP: 7/7
  1782 | D:2      | Reached skill level 1 in Fighting
  1782 | D:2      | Reached skill level 1 in Long Blades
  1782 | D:2      | Reached skill level 1 in Maces & Flails
  1782 | D:2      | Reached skill level 1 in Polearms
  1782 | D:2      | Reached skill level 1 in Staves
  1782 | D:2      | Reached skill level 1 in Slings
  1782 | D:2      | Reached skill level 1 in Bows
  1782 | D:2      | Reached skill level 1 in Crossbows
  1782 | D:2      | Reached skill level 1 in Throwing
  1782 | D:2      | Reached skill level 1 in Shields
  1782 | D:2      | Reached skill level 1 in Unarmed Combat
  1782 | D:2      | Reached skill level 3 in Spellcasting
  1782 | D:2      | Reached skill level 1 in Evocations
  1782 | D:2      | Reached XP level 4. HP: 16/32 MP: 8/8
  1782 | D:2      | HP: 6/32 [something/puff of flame (9)]
  1791 | D:2      | HP: 2/32 [something (2)]
  1793 | D:2      | Slain by an orc wizard

Vanquished Creatures
  An orc priest (D:2)
  2 adders (D:2)
  A worm (D:2)
  A dart slug (D:1)
  2 orcs (D:2)
  3 endoplasms
  A giant cockroach (D:2)
  A goblin (D:2)
  2 hobgoblins
  4 jackals (D:1)
  A ball python (D:2)
  2 bats
  A frilled lizard (D:1)
  A rat (D:1)
23 creatures vanquished.

Table legend:
 A = Non-vault XP
 B = Vault XP
 C = Vault XP percentage of total XP
 D = Non-vault monster count
 E = Vault monster count
 F = Vault count percentage of total count
                 A         B        C        D         E       F
            +---------+---------+-------+---------+---------+-------
      Total |     112 |       0 |   0.0 |      23 |       0 |   0.0
            +---------+---------+-------+---------+---------+-------
        D:1 |      21 |       0 |   0.0 |      11 |       0 |   0.0
        D:2 |      91 |       0 |   0.0 |      12 |       0 |   0.0
            +---------+---------+-------+---------+---------+-------

Illustrated notes

Table legend:
 A = Kills in this place as a percentage of kills in entire the game.
 B = Kills by you in this place as a percentage of kills by you in the entire game.
 C = Kills by friends in this place as a percentage of kills by friends in the entire game.
 D = Other kills in this place as a percentage of other kills in the entire game.
 E = Experience gained in this place as a percentage of experience gained in the entire game.
 F = Experience gained in this place divided by the number of levels of this place that you have seen.
                   A       B       C       D       E      F
               +-------+-------+-------+-------+-------+----------------------
         Total | 100.0 | 100.0 |   N/A |   N/A | 100.0 |  56.0
       Dungeon | 100.0 | 100.0 |   N/A |   N/A | 100.0 |  56.0
               +-------+-------+-------+-------+-------+----------------------

Table legend: (Time is in decaauts)
 A = Elapsed time spent in this place.
 B = Non-inter-level travel time spent in this place.
 C = Inter-level travel time spent in this place.
 D = Time resting spent in this place.
 E = Time spent auto-exploring this place.
 F = Levels seen in this place.
 G = Mean time per level.
                   A        B        C        D        E       F      G
               +--------+--------+--------+--------+--------+-----+--------+
         Total |   1812 |   1794 |     18 |    550 |   1062 |   2 |  906.0 |
       Dungeon |   1812 |   1794 |     18 |    550 |   1062 |   2 |  906.0 |
               +--------+--------+--------+--------+--------+-----+--------+

Top non-repeatable levels by time:
     D:1: 1171 daAuts
     D:2: 640 daAuts
